 Dungeon Crawl Stone Soup version 0.21.1-1-g345015f (webtiles) character file.

28 sking99 the Insei (level 3, 0/26 HPs)
             Began as a Barachi Transmuter on June 22, 2018.
             Succumbed to an adder's poison
             ... on level 2 of the Dungeon.
             The game lasted 00:04:38 (1330 turns).

sking99 the Insei (Barachi Transmuter)              Turns: 1330, Time: 00:04:39

Health: 0/26       AC:  2    Str: 17    XL:     3   Next: 12%
Magic:  6/6        EV: 12    Int: 13    God:
Gold:   52         SH:  0    Dex: 12    Spells: 0/6 levels left

rFire    . . .     SeeInvis .     - Unarmed
rCold    . . .     Gourm    .   (no shield)
rNeg     . . .     Faith    .   b - +0 robe
rPois    .         Spirit   .   (no helmet)
rElec    .         Reflect  .   (no cloak)
rCorr    .         Harm     .   (no gloves)
MR       .....                  (no boots)
Stlth    +.........             (no amulet)
HPRegen  0.08/turn              (no ring)
MPRegen  0.10/turn              (no ring)

@: mighty, lethally poisoned (0 -> -9), slow
A: +LOS, swims, slowness 1, strong legs 1
a: Hop


You were on level 2 of the Dungeon.
You were not hungry.

You visited 1 branch of the dungeon, and saw 2 of its levels.

You collected 52 gold pieces.

Inventory:

Missiles
 a - 38 arrows
Armour
 b - a +0 robe (worn)
Jewellery
 f - an uncursed amulet of guardian spirit {unknown}
 h - an uncursed amulet of rage {unknown}
Scrolls
 e - 3 scrolls of identify {unknown}
 i - 2 scrolls of remove curse {unknown}
 j - a scroll of teleportation {unknown}
Potions
 g - a potion of might
 k - a potion of brilliance {unknown}
Books
 c - a book of Changes

   Spells                             Type                      Level
   a - Beastly Appendage              Transmutation                1
   b - Sticks to Snakes               Transmutation                2
   c - Spider Form                    Transmutation/Poison         3
   d - Ice Form                       Ice/Transmutation            4
   e - Blade Hands                    Transmutation                5
Comestibles
 d - 4 rations


   Skills:
 - Level 1.6 Fighting
 - Level 2.4 Dodging
 + Level 4.0 Unarmed Combat
 + Level 2.4 Spellcasting
 + Level 2.4 Transmutations
 + Level 0.0 Poison Magic


You couldn't memorise any spells.
You knew the following spells:

 Your Spells              Type           Power        Failure   Level  Hunger
a - Beastly Appendage     Tmut           #.....       9%          1    #......
b - Sticks to Snakes      Tmut           #.......     13%         2    ###....
c - Spider Form           Tmut/Pois      #.........   41%         3    ###....


Dungeon Overview and Level Annotations

Branches:
Dungeon (2/15)

Altars:
Ashenzari
Fedhas
Sif Muna


Innate Abilities, Weirdness & Mutations

Shadows flee at your approach. (+LOS)
You can swim through water.
You cover ground slowly.
You can hop short distances.


Message History

You closely miss the adder.
The adder is severely wounded.
You feel sick. The adder barely misses you.
You hit the adder.
The adder is severely wounded.
The adder bites you.
You are lethally poisoned!
The adder poisons you!
You barely miss the adder.
The adder is severely wounded.
You feel sick. The adder bites you.
* * * LOW HITPOINT WARNING * * *
You hit the adder but do no damage.
The adder is severely wounded.
* * * LOW HITPOINT WARNING * * *
You feel sick. The adder bites you.
* * * LOW HITPOINT WARNING * * *
It was a potion of might.
You feel very mighty all of a sudden.
You die...

.....# .....###
########........
#...............
#.......$....... ###
#.....!........ #<#
#..........>... #.#
###........# #.#
#.#+.S@....# #.##. #
..##......# #.^.. #.
_..####.#.# #.##. ###
##### #.#.# ###
#.._#_..####.#.#
#..#..##..#.#.#
+#.#.#'.......#
#####..#.#.#.######.
####.#....#............#


You could see an adder.

Vanquished Creatures
  A leopard gecko (D:1)
  3 bats
  2 giant cockroaches (D:1)
  2 goblins (D:1)
  8 hobgoblins
  3 jackals (D:1)
  A frilled lizard (D:1)
  2 rats (D:1)
22 creatures vanquished.

Notes
Turn   | Place    | Note
-------+----------+-------------------------------------------
     0 | D:1      | sking99 the Barachi Transmuter began the quest for the Orb.
     0 | D:1      | Reached XP level 1. HP: 15/15 MP: 3/3
   491 | D:1      | Reached XP level 2. HP: 21/21 MP: 5/5
   495 | D:1      | Learned a level 2 spell: Sticks to Snakes
  1002 | D:1      | Reached skill level 4 in Unarmed Combat
  1002 | D:1      | Reached XP level 3. HP: 23/26 MP: 6/6
  1227 | D:1      | Learned a level 3 spell: Spider Form
  1305 | D:2      | Found a blossoming altar of Fedhas.
  1305 | D:2      | Found a deep blue altar of Sif Muna.
  1306 | D:2      | Found a shattered altar of Ashenzari.
  1329 | D:2      | HP: 1/26 [adder (3)]
  1330 | D:2      | Succumbed to an adder's poison

Skill      XL: |  1  2 |
---------------+-------+-----
Unarmed Combat | 4 |  4.0
Fighting       | |  1.6
Dodging        | |  2.4
Spellcasting   | |  2.4
Transmutations | |  2.4

Action                   || total
-------------------------++-------
Melee: Unarmed           ||    91
       Punch             ||     2
  Use: Potion            ||     1
  Eat: Chunk             ||     2
Armor: Robe              ||    14
Dodge: Dodged            ||    58
